[Event "CCT Chessable Masters D-II 2024"]
[Site "Online"]
[Date "2024.02.03"]
[Round "51"]
[White "Vokhidov, Shamsiddin"]
[Black "tptagain"]
[Result "1/2-1/2"]
[ECO "C54"]
[WhiteElo "2596"]
[BlackElo "2660"]
[Annotator "ChessBase"]
[PlyCount "69"]
[EventDate "2024.01.12"]
[EventType "k.o."]
[EventCountry "NET"]
[SourceTitle "playchess.com"]
[Source "ChessBase"]
[SourceQuality "1"]
[TimeControl "600+2"]

1. e4 e5 2. Nf3 Nc6 3. Bc4 Bc5 4. c3 Nf6 5. d3 d6 6. O-O a5 7. Re1 O-O 8. h3 Ba7 9. Nbd2 Be6 10. Bb5 Ne7 11. Nf1 c6 12. Ba4 Ng6 13. Ng3 d5 14. exd5 Nxd5 15. d4 exd4 16. Nxd4 Qc7 17. Ne4 Rae8 18. Nxe6 Rxe6 19. Bc2 Rfe8 20. Qg4 Ne5 21. Qh5 g6 22. Qd1 Nc4 23. Re2 f5 24. Bd3 b5 25. Ng5 Bxf2+ 26. Kxf2 Qa7+ 27. Kg3 Qc7+ 28. Kf3 Ne5+ 29. Rxe5 Rxe5 30. Kf2 Re1 31. Qc2 Qb6+ 32. Kg3 Qc7+ 33. Kf2 Qb6+ 34. Kg3 Qc7+ 35. Kf2 1/2-1/2

[Event "CCT Chessable Masters D-II 2024"]
[Site "Online"]
[Date "2024.02.04"]
[Round "52"]
[White "Nakamura, Hikaru"]
[Black "Mamedov, Rauf"]
[Result "1/2-1/2"]
[ECO "D34"]
[WhiteElo "2788"]
[BlackElo "2651"]
[Annotator "RC"]
[PlyCount "139"]
[EventDate "2024.01.12"]
[EventType "k.o."]
[EventCountry "NET"]
[SourceTitle "playchess.com"]
[Source "ChessBase"]
[SourceQuality "1"]
[TimeControl "600+2"]

1. d4 d5 2. c4 e6 3. Nc3 c5 4. cxd5 exd5 5. Nf3 Nc6 6. g3 Nf6 7. Bg2 Be7 8. O-O O-O 9. dxc5 Bxc5 10. Na4 Be7 11. Be3 Bg4 12. Rc1 Rc8 13. Nc5 Bxc5 14. Rxc5 Re8 15. h3 Bxf3 16. exf3 d4 17. Bg5 Qb6 18. Rc1 Nd7 19. f4 Nf8 20. f5 Qa5 21. Qg4 h5 22. Qxh5 Qxf5 23. Qg4 Qxg4 24. hxg4 Re2 25. b4 Ne6 26. Bf4 Nxf4 27. gxf4 d3 28. Bf3 Rb2 29. a3 d2 30. Rc3 Re8 31. Re3 Kf8 32. Bxc6 bxc6 33. Rd1 Ra2 34. Kf1 Rxe3 35. fxe3 Rxa3 36. Ke2 Rb3 37. Rxd2 Rxb4 38. Rd7 a5 39. Rc7 Rb6 40. Ra7 Rb5 41. Kd3 g6 42. Ra6 Rc5 43. Kd4 Rd5+ 44. Kc4 Rd1 45. Rxa5 Ke7 46. Ra7+ Ke6 47. Rc7 Rc1+ 48. Kd4 Rd1+ 49. Kc3 Rc1+ 50. Kd3 Rc5 51. g5 f6 52. Rg7 fxg5 53. Rxg6+ Kf7 54. Rxg5 Rxg5 55. fxg5 Kg6 56. Kd4 Kxg5 57. Ke5 Kg6 58. e4 Kf7 59. Kd6 Ke8 60. Kxc6 Ke7 61. Kd5 Kd7 62. Ke5 Ke7 63. Kf5 Kf7 64. e5 Ke7 65. e6 Ke8 66. Ke5 Ke7 67. Kf5 Ke8 68. Kf6 Kf8 69. e7+ Ke8 70. Ke6 1/2-1/2

[Event "CCT Chessable Masters D-II 2024"]
[Site "Online"]
[Date "2024.02.04"]
[Round "52"]
[White "AnishGiri"]
[Black "Sevian, Samuel"]
[Result "1-0"]
[ECO "D38"]
[WhiteElo "2731"]
[BlackElo "2697"]
[Annotator "ChessBase"]
[PlyCount "87"]
[EventDate "2024.01.12"]
[EventType "k.o."]
[EventCountry "NET"]
[SourceTitle "playchess.com"]
[Source "ChessBase"]
[SourceQuality "1"]
[TimeControl "600+2"]

1. d4 Nf6 2. c4 e6 3. Nf3 d5 4. Nc3 Bb4 5. cxd5 exd5 6. Bg5 h6 7. Bh4 O-O 8. e3 Bf5 9. Be2 Nbd7 10. Qb3 Bxc3+ 11. Qxc3 g5 12. Bg3 Ne4 13. Qb3 c6 14. Qxb7 Qa5+ 15. b4 Qa4 16. O-O Nxg3 17. hxg3 Rab8 18. Qc7 Rxb4 19. Bd1 Qa6 20. Qd6 Rbb8 21. Bb3 Be6 22. Bxd5 Bxd5 23. Qxd7 Qd3 24. Qd6 Kg7 25. Rfd1 Qe4 26. Qe5+ Qxe5 27. Nxe5 Rb2 28. Nd3 Rxa2 29. Rxa2 Bxa2 30. Ra1 Bd5 31. Rxa7 Rb8 32. g4 Be6 33. f3 Rb1+ 34. Kf2 Kg8 35. Rc7 Bc4 36. Ne5 Rb2+ 37. Kg1 Rb1+ 38. Kh2 Bf1 39. Nxf7 Rb2 40. Nxh6+ Kf8 41. Kg1 Bxg2 42. Rf7+ Ke8 43. Rf5 Re2 44. Nf7 1-0

[Event "CCT Chessable Masters D-II 2024"]
[Site "Online"]
[Date "2024.02.04"]
[Round "52"]
[White "Yu, Yangyi"]
[Black "Sam_ChessMood"]
[Result "1-0"]
[ECO "B51"]
[WhiteElo "2720"]
[BlackElo "2647"]
[Annotator "ChessBase"]
[PlyCount "65"]
[EventDate "2024.01.12"]
[EventType "k.o."]
[EventCountry "NET"]
[SourceTitle "playchess.com"]
[Source "ChessBase"]
[SourceQuality "1"]
[TimeControl "600+2"]

1. e4 c5 2. Nf3 d6 3. Bb5+ Nd7 4. c4 Ngf6 5. Nc3 g6 6. O-O Bg7 7. d3 O-O 8. Ba4 Ng4 9. h3 Nge5 10. Nxe5 Nxe5 11. f4 Nc6 12. Bxc6 bxc6 13. Be3 f5 14. Qd2 Rb8 15. Rae1 fxe4 16. dxe4 Be6 17. b3 Qa5 18. Rc1 Qb4 19. Rf2 a5 20. Qd3 Kh8 21. Kh1 Rbd8 22. Bd2 Qb7 23. Rcf1 Bg8 24. Na4 d5 25. Bc3 dxc4 26. Bxg7+ Kxg7 27. Qc3+ Rf6 28. Nxc5 Qa7 29. Qe5 cxb3 30. axb3 h6 31. f5 Rdf8 32. Rd2 Qb8 33. Qb2 1-0

[Event "CCT Chessable Masters D-II 2024"]
[Site "Online"]
[Date "2024.02.04"]
[Round "52"]
[White "Sevian, Samuel"]
[Black "AnishGiri"]
[Result "1-0"]
[ECO "D35"]
[WhiteElo "2697"]
[BlackElo "2739"]
[Annotator "ChessBase"]
[PlyCount "79"]
[EventDate "2024.01.12"]
[EventType "k.o."]
[EventCountry "NET"]
[SourceTitle "playchess.com"]
[Source "ChessBase"]
[SourceQuality "1"]
[TimeControl "600+2"]

1. d4 Nf6 2. c4 e6 3. Nf3 d5 4. Nc3 Be7 5. cxd5 exd5 6. Bf4 c6 7. e3 Nh5 8. Qc2 Nxf4 9. exf4 Bd6 10. g3 O-O 11. Bd3 Re8+ 12. Kd2 g6 13. Rae1 Bg4 14. Rxe8+ Qxe8 15. Ne5 Bxe5 16. fxe5 Nd7 17. f4 Rc8 18. Qa4 b5 19. Qa6 Nb6 20. Qxa7 Qd8 21. Qa3 c5 22. Nxb5 c4 23. Be2 Bxe2 24. Kxe2 Qd7 25. Nd6 Ra8 26. Qb4 Na4 27. Kf3 Qa7 28. Nb5 Qb7 29. a3 Qd7 30. Nd6 Kg7 31. f5 gxf5 32. Rf1 f4 33. Kg2 Ra6 34. Rxf4 Rb6 35. Nf5+ Kg6 36. Qf8 Rxb2+ 37. Kh3 Qxf5+ 38. Rxf5 Kxf5 39. Qxf7+ Ke4 40. e6 1-0

[Event "CCT Chessable Masters D-II 2024"]
[Site "Online"]
[Date "2024.02.04"]
[Round "52"]
[White "jefferyx"]
[Black "tptagain"]
[Result "1-0"]
[ECO "D31"]
[WhiteElo "2681"]
[BlackElo "2660"]
[Annotator "ChessBase"]
[PlyCount "103"]
[EventDate "2024.01.12"]
[EventType "k.o."]
[EventCountry "NET"]
[SourceTitle "playchess.com"]
[Source "ChessBase"]
[SourceQuality "1"]
[TimeControl "600+2"]

1. d4 d5 2. c4 e6 3. Nc3 Bb4 4. Nf3 dxc4 5. Qa4+ Nc6 6. a3 Bxc3+ 7. bxc3 Qd5 8. Bf4 Nf6 9. e3 b5 10. Qc2 Bb7 11. Be2 Na5 12. Bxc7 Nb3 13. Ra2 O-O 14. O-O Ne4 15. Rd1 Qf5 16. Bf4 h6 17. Qb2 f6 18. Bg3 e5 19. a4 a6 20. Ra3 Kh8 21. Nh4 Qg5 22. f4 exf4 23. exf4 Qd5 24. Ng6+ Kh7 25. Nxf8+ Rxf8 26. Bf3 f5 27. axb5 axb5 28. Ra7 Rf7 29. Re1 Bc6 30. Bxe4 fxe4 31. Rxf7 Qxf7 32. f5 Qxf5 33. Qf2 Qxf2+ 34. Kxf2 b4 35. cxb4 c3 36. d5 Bxd5 37. Bf4 g5 38. Be3 c2 39. b5 Kg6 40. b6 Kf5 41. h4 gxh4 42. Rh1 Ke6 43. Bxh6 Kd7 44. Be3 Kc6 45. Rxh4 c1=Q 46. Bxc1 Nxc1 47. Ke3 Kxb6 48. Rxe4 Bxe4 49. Kxe4 Kc7 50. g4 Kd7 51. g5 Ke7 52. g6 1-0

[Event "CCT Chessable Masters D-II 2024"]
[Site "Online"]
[Date "2024.02.04"]
[Round "52"]
[White "tptagain"]
[Black "jefferyx"]
[Result "1/2-1/2"]
[ECO "C43"]
[WhiteElo "2659"]
[BlackElo "2682"]
[Annotator "ChessBase"]
[PlyCount "61"]
[EventDate "2024.01.12"]
[EventType "k.o."]
[EventCountry "NET"]
[SourceTitle "playchess.com"]
[Source "ChessBase"]
[SourceQuality "1"]
[TimeControl "600+2"]

1. e4 e5 2. Nf3 Nf6 3. d4 Nxe4 4. Bd3 d5 5. Nxe5 Nd7 6. Nxd7 Bxd7 7. O-O Be7 8. Nd2 Nf6 9. h3 O-O 10. Nf3 c5 11. c3 Qb6 12. dxc5 Bxc5 13. b4 Bd6 14. Be3 Qd8 15. Bd4 Re8 16. Qb3 h6 17. Rfe1 Be6 18. Bb5 Rf8 19. Bf1 Rc8 20. Qb2 a6 21. a4 Re8 22. a5 Bf8 23. b5 Ra8 24. bxa6 bxa6 25. Qb6 Qc8 26. Bxf6 gxf6 27. Qd4 Qc5 28. Qd2 Rec8 29. Re3 Bd6 30. Nd4 Bf4 31. Rc1 1/2-1/2

[Event "CCT Chessable Masters D-II 2024"]
[Site "Online"]
[Date "2024.02.04"]
[Round "52"]
[White "Mamedov, Rauf"]
[Black "Nakamura, Hikaru"]
[Result "1/2-1/2"]
[ECO "C50"]
[WhiteElo "2651"]
[BlackElo "2788"]
[Annotator "TA"]
[PlyCount "63"]
[EventDate "2024.01.12"]
[EventType "k.o."]
[EventCountry "NET"]
[SourceTitle "playchess.com"]
[Source "ChessBase"]
[SourceQuality "1"]
[TimeControl "600+2"]

1. e4 e5 2. Nf3 Nc6 3. Bc4 Nf6 4. d3 Bc5 5. Nc3 h6 6. Be3 Bb6 7. a4 d6 8. Nd5 Be6 9. Nxb6 axb6 10. Bb5 O-O 11. Bxc6 bxc6 12. O-O c5 13. b3 Bg4 14. h3 Bh5 15. Kh2 d5 16. g4 Bg6 17. Nxe5 dxe4 18. Nxg6 fxg6 19. dxe4 Nxe4 20. Qxd8 Raxd8 21. a5 bxa5 (21... Ra8 $11) 22. Kg2 (22. Rxa5 $16 c4 23. Ra7 (23. bxc4 Nd2 $11)) 22... c4 $11 {[%emt 0:00:16] The position is equal.} 23. Ra4 Nd2 24. Bxd2 Rxd2 25. Rxc4 {[%emt 0:00:01][%mdl 4096] Endgame. KRR-KRR} Rf7 26. Rc5 g5 27. Kg3 Re7 28. h4 gxh4+ 29. Kxh4 Ree2 30. Rxc7 Rxc2 31. Rxc2 Rxc2 32. f4 {[%emt 0:00:13] Weighted Error Value: White=0.11 (very precise) /Black=0.12 (very precise) .  Mistake:       	White=1     	Black=1      Inaccurate:     	White=1     	Black=1      OK:         	White=11    	Black=10     Best:        	White=3     	Black=1} 1/2-1/2

[Event "CCT Chessable Masters D-II 2024"]
[Site "Online"]
[Date "2024.02.04"]
[Round "52"]
[White "Sam_ChessMood"]
[Black "Yu, Yangyi"]
[Result "1/2-1/2"]
[ECO "D37"]
[WhiteElo "2645"]
[BlackElo "2720"]
[Annotator "ChessBase"]
[PlyCount "136"]
[EventDate "2024.01.12"]
[EventType "k.o."]
[EventCountry "NET"]
[SourceTitle "playchess.com"]
[Source "ChessBase"]
[SourceQuality "1"]
[TimeControl "600+2"]

1. d4 Nf6 2. c4 e6 3. Nf3 d5 4. Nc3 Be7 5. Bf4 O-O 6. e3 c5 7. dxc5 Bxc5 8. Qc2 Nc6 9. Rd1 Qa5 10. a3 Be7 11. Be2 Ne4 12. cxd5 Nxc3 13. bxc3 exd5 14. a4 Bf6 15. O-O h6 16. c4 Be6 17. cxd5 Bxd5 18. Bc7 Qxc7 19. Rxd5 Rad8 20. Rc5 Rd6 21. Rb1 Rfd8 22. g3 Qe7 23. h4 Rd5 24. Rc4 a5 25. Re4 Qd7 26. Qb3 Nb4 27. Rc1 Nd3 28. Rd1 Nf4 29. gxf4 Rxd1+ 30. Bxd1 Qxd1+ 31. Qxd1 Rxd1+ 32. Kg2 Rd8 33. h5 Rc8 34. Ne5 Bxe5 35. fxe5 Rc5 36. f4 b5 37. axb5 Rxb5 38. Rc4 Rb8 39. Ra4 Ra8 40. Kf3 Kf8 41. f5 Ke7 42. Ke4 Ra7 43. Kd5 Ra8 44. Kc6 Rc8+ 45. Kd5 Rd8+ 46. Kc5 Rc8+ 47. Kb6 Rb8+ 48. Kxa5 Ra8+ 49. Kb5 Rxa4 50. Kxa4 g5 51. fxg6 fxg6 52. hxg6 h5 53. Kb5 h4 54. g7 Kf7 55. Kc6 h3 56. Kd7 h2 57. e6+ Kxg7 58. e7 h1=Q 59. e8=Q Qd5+ 60. Kc7 Qc5+ 61. Kb7 Qd5+ 62. Kb6 Qb3+ 63. Kc5 Qc3+ 64. Kd6 Qd3+ 65. Kc7 Qc3+ 66. Kb6 Qb3+ 67. Ka5 Qa3+ 68. Kb6 Qb3+ 1/2-1/2

[Event "CCT Chessable Masters D-II 2024"]
[Site "Online"]
[Date "2024.02.04"]
[Round "53"]
[White "AnishGiri"]
[Black "Mamedov, Rauf"]
[Result "1-0"]
[ECO "D30"]
[WhiteElo "2731"]
[BlackElo "2651"]
[Annotator "ChessBase"]
[PlyCount "88"]
[EventDate "2024.01.12"]
[EventType "k.o."]
[EventCountry "NET"]
[SourceTitle "playchess.com"]
[Source "ChessBase"]
[SourceQuality "1"]
[TimeControl "600+2"]

1. d4 d5 2. c4 e6 3. Nf3 c5 4. cxd5 exd5 5. Bg5 f6 6. Bd2 Nc6 7. e3 Bg4 8. Be2 Bd6 9. Nc3 Nge7 10. Nb5 Bxf3 11. Bxf3 cxd4 12. exd4 Bb8 13. O-O O-O 14. Be3 Qd7 15. Rc1 a6 16. Nc3 Ba7 17. Na4 Nf5 18. Nc5 Qf7 19. Qd3 Nh4 20. Bd1 f5 21. Bf4 Ng6 22. Bd2 Rfe8 23. Bb3 Kh8 24. Rfe1 f4 25. Rxe8+ Rxe8 26. Ba4 Rf8 27. Bxc6 bxc6 28. Nxa6 Qb7 29. Nb4 f3 30. g3 Rf6 31. a3 Qd7 32. Bg5 Rf8 33. Nxc6 Bb6 34. b4 h6 35. Bd2 Rf6 36. b5 Bc7 37. Re1 h5 38. Bg5 Rf5 39. Ne7 Rxg5 40. Nxg6+ Kg8 41. Ne7+ Kh8 42. Qxf3 Kh7 43. h4 Rg4 44. Qf7 Kh6 1-0

[Event "CCT Chessable Masters D-II 2024"]
[Site "Online"]
[Date "2024.02.04"]
[Round "53"]
[White "Yu, Yangyi"]
[Black "jefferyx"]
[Result "1-0"]
[ECO "B91"]
[WhiteElo "2720"]
[BlackElo "2689"]
[Annotator "ChessBase"]
[PlyCount "107"]
[EventDate "2024.01.12"]
[EventType "k.o."]
[EventCountry "NET"]
[SourceTitle "playchess.com"]
[Source "ChessBase"]
[SourceQuality "1"]
[TimeControl "600+2"]

1. e4 c5 2. Nf3 d6 3. d4 cxd4 4. Nxd4 Nf6 5. Nc3 a6 6. g3 g6 7. Bg2 Bg7 8. h3 O-O 9. O-O Nc6 10. Be3 Bd7 11. a4 Ne5 12. Nde2 Bc6 13. b3 Ned7 14. Nd4 Rc8 15. Qd2 Re8 16. Rad1 Qa5 17. Rfe1 Nc5 18. Nxc6 bxc6 19. Nd5 Qxd2 20. Nxf6+ Bxf6 21. Bxd2 e6 22. Bb4 Be7 23. Bf1 Ra8 24. Bxc5 dxc5 25. Rd7 a5 26. e5 Kf8 27. Red1 Red8 28. Be2 Rxd7 29. Rxd7 Rd8 30. Ra7 Rd2 31. Bc4 Bd8 32. c3 Rc2 33. Ra6 Rxc3 34. Rxc6 g5 35. Kg2 h5 36. Rxc5 Bb6 37. Rc8+ Ke7 38. Bxe6 Bd4 39. Bc4 Bxe5 40. Rc5 f6 41. Rxa5 Rc2 42. Rd5 Bb8 43. Bb5 Bd6 44. Bc4 Bb8 45. a5 Ba7 46. Rf5 g4 47. hxg4 hxg4 48. a6 Bb6 49. Kf1 Ba7 50. Rb5 Kd6 51. Rb7 Rxf2+ 52. Ke1 Bd4 53. Bb5 Ra2 54. Ba4 1-0

[Event "CCT Chessable Masters D-II 2024"]
[Site "Online"]
[Date "2024.02.04"]
[Round "53"]
[White "jefferyx"]
[Black "Yu, Yangyi"]
[Result "1/2-1/2"]
[ECO "C47"]
[WhiteElo "2682"]
[BlackElo "2720"]
[Annotator "ChessBase"]
[PlyCount "61"]
[EventDate "2024.01.12"]
[EventType "k.o."]
[EventCountry "NET"]
[SourceTitle "playchess.com"]
[Source "ChessBase"]
[SourceQuality "1"]
[TimeControl "600+2"]

1. e4 e5 2. Nf3 Nf6 3. Nc3 Nc6 4. d4 exd4 5. Nxd4 Bb4 6. Nxc6 bxc6 7. Bd3 d5 8. exd5 Qe7+ 9. Qe2 Qxe2+ 10. Kxe2 cxd5 11. Nb5 Kd7 12. Bf4 c6 13. Nd4 Bd6 14. Kf3 Kc7 15. h3 Re8 16. Rhe1 Bd7 17. Bg5 Ne4 18. Bxe4 dxe4+ 19. Ke3 h6 20. Bf4 Bxf4+ 21. Kxf4 g5+ 22. Ke3 f5 23. g3 Rf8 24. Ne2 Rad8 25. Rh1 Rf7 26. h4 f4+ 27. gxf4 gxf4+ 28. Nxf4 Rdf8 29. Ng6 Rf3+ 30. Kxe4 R8f6 31. h5 1/2-1/2

[Event "CCT Chessable Masters D-II 2024"]
[Site "Online"]
[Date "2024.02.04"]
[Round "53"]
[White "Mamedov, Rauf"]
[Black "AnishGiri"]
[Result "0-1"]
[ECO "C42"]
[WhiteElo "2651"]
[BlackElo "2738"]
[Annotator "TA"]
[PlyCount "76"]
[EventDate "2024.01.12"]
[EventType "k.o."]
[EventCountry "NET"]
[SourceTitle "playchess.com"]
[Source "ChessBase"]
[SourceQuality "1"]
[TimeControl "600+2"]

1. e4 e5 2. Nf3 Nf6 3. Nxe5 d6 4. Nf3 Nxe4 5. Nc3 Nxc3 6. dxc3 Be7 7. Bf4 O-O 8. Qd2 Nd7 {[%emt 0:00:01] C42: Petroff Defence: 3 Nxe5 and unusual White 3rd moves.} 9. O-O-O Re8 10. h4 h6 $5 {[%emt 0:00:06][%mdl 4] is currently scoring better than 10...Nc5. An interesting side line.} (10... Nc5 $5) 11. Kb1 $146 ({Predecessor:} 11. Bc4 Nb6 12. Bd3 Bf8 13. Rde1 Bg4 14. Rxe8 Qxe8 15. Nd4 c5 16. Nb5 c4 17. Nc7 {0-1 Smirnov,A (2586)-Paravyan,D (2612) Titled Tuesday intern op 16th Jan Late blitz 2024 (11)}) 11... Bf8 {[%emt 0:01:44] [#]} 12. Ng5 $2 (12. Nd4 $1 $11) 12... Nf6 $2 ({Black should play} 12... hxg5 $17 13. hxg5 g6) 13. Bd3 (13. f3 $5) 13... d5 14. f3 c5 (14... hxg5 $2 15. hxg5 Be7 16. g4 $18 (16. gxf6 Bxf6 17. g4 g5 $18)) 15. g4 Qb6 (15... hxg5 16. hxg5 Ne4 (16... c4 17. Qh2) 17. Qh2 (17. fxe4 g6 $18) 17... f5 18. g6 (18. fxe4 Qb6 $18) 18... Nxc3+ 19. Ka1) (15... Qa5 $11) 16. c4 $1 $14 d4 (16... hxg5 $2 17. hxg5 g6 (17... dxc4 $2 18. Qh2 $18) 18. gxf6 Qxf6 19. cxd5 $18) (16... Qa6 $1 $14) 17. Rdg1 $16 Re7 (17... hxg5 $2 18. hxg5 g6 19. Qh2 $18 (19. gxf6 Qxf6 20. Qh2 Bg7 $18) (19. gxf6 Qxf6 20. Qh2 Bg7 $18)) (17... Bd7 $16) 18. Nh3 $18 Kh8 19. g5 Nh5 20. gxh6 Bxh3 (20... g6 $142 21. Bg5 Bxh3) 21. hxg7+ $18 (21. Rxh3 g6 $16) 21... Bxg7 22. Rxh3 Nxf4 23. Qxf4 Rae8 (23... Bh6 $16 24. Qf5 Qg6 25. Qxg6 (25. Rxg6 $2 Re1#) 25... fxg6) 24. Rhh1 Qf6 25. Qg4 Bh6 26. a4 Re5 27. Qd7 Qe7 {[%emt 0:00:11] [#]} (27... R5e7 $16 28. Qg4 Re3) 28. Qg4 $2 (28. Qh3 $1 $18) 28... Qe6 $2 (28... Qf6 $1 $11 {and Black stays safe.}) 29. Qg2 $18 Re3 30. f4 b6 31. Qb7 a5 (31... Rf8 $142 32. f5 (32. Qxa7 Qc6 $18) (32. Qg2 Qd7 $18) 32... Qc8) 32. Qc7 ({But not} 32. Qg2 f5 33. Qh2 Rf3) (32. f5 $18 {has better winning chances.} Qf6 33. Ka2) 32... Qf6 (32... Rc8 $16 33. Qb7 Re8) 33. Ka2 $4 {[%emt 0:00:11][%mdl 8192] [#]} ({Don't blunder} 33. Rg4 $2 R3e7 $19) (33. Qd7 $18) 33... R3e7 $1 $19 (33... Bxf4 $2 {loses.} 34. Qb7 $18) 34. Re1 (34. Qxe7 $142 Rxe7 (34... Qxe7 $2 35. b3 $19) 35. b3) 34... Rxe1 $19 35. Rxe1 Rxe1 36. Qc8+ Kg7 37. Qg4+ Kf8 38. Qc8+ Re8 0-1

[Event "CCT Chessable Masters D-II 2024"]
[Site "Online"]
[Date "2024.02.05"]
[Round "54"]
[White "Sibelephant"]
[Black "Yu, Yangyi"]
[Result "1/2-1/2"]
[ECO "A13"]
[WhiteElo "2781"]
[BlackElo "2720"]
[Annotator "TA"]
[PlyCount "70"]
[EventDate "2024.01.12"]
[EventType "k.o."]
[EventCountry "NET"]
[SourceTitle "playchess.com"]
[Source "ChessBase"]
[SourceQuality "1"]
[TimeControl "600+2"]

1. c4 e6 2. g3 d5 3. Bg2 d4 4. Nf3 Nc6 5. O-O Bc5 6. d3 a5 7. e3 Nge7 8. Na3 {[%emt 0:00:27] White has an edge.} O-O 9. Re1 dxe3 10. Bxe3 Bxe3 11. Rxe3 Nf5 12. Re1 Ncd4 13. Nc2 c5 14. Nfxd4 Nxd4 15. Qd2 Nxc2 16. Qxc2 Ra6 17. Qc3 Rd6 18. Re3 b6 19. a3 a4 20. b4 axb3 21. Qxb3 Qc7 (21... Re8 $1 $15) 22. a4 $11 {[%emt 0:00:13] The position is equal.} Rfd8 23. Qc3 Bb7 24. Bxb7 Qxb7 25. a5 bxa5 26. Qxa5 Qc8 27. Qc3 h6 28. Ra5 Rd4 29. Qa3 Qd7 30. Rxc5 Rxd3 31. Rxd3 Qxd3 32. Qxd3 Rxd3 {[%emt 0:00:01] KR-KR} 33. h4 g6 34. Kg2 Rc3 35. g4 Kg7 {[%emt 0:00:08] Weighted Error Value: White=0.06 (flawless) /Black=0.06 (flawless) .  Mistake:       	---       	Black=1      Inaccurate:     	White=3     	Black=2      OK:         	White=12    	Black=10     Best:        	---       	Black=1} 1/2-1/2

[Event "CCT Chessable Masters D-II 2024"]
[Site "Online"]
[Date "2024.02.05"]
[Round "54"]
[White "AnishGiri"]
[Black "GMBenjaminBok"]
[Result "1-0"]
[ECO "D50"]
[WhiteElo "2745"]
[BlackElo "2674"]
[Annotator "TA"]
[PlyCount "103"]
[EventDate "2024.01.12"]
[EventType "k.o."]
[EventCountry "NET"]
[SourceTitle "playchess.com"]
[Source "ChessBase"]
[SourceQuality "1"]
[TimeControl "600+2"]

1. Nf3 d5 2. d4 Nf6 3. c4 e6 4. Nc3 c5 5. cxd5 cxd4 6. Qxd4 exd5 7. Bg5 Be7 8. e3 O-O 9. Be2 h6 10. Bxf6 Bxf6 {[%emt 0:00:02] The position is equal.} 11. Qd2 Be6 12. Rd1 Nc6 13. Nxd5 Bxd5 14. Qxd5 Qxd5 15. Rxd5 Bxb2 16. O-O Bf6 {[%emt 0:00:26] Black is weak on the light squares} 17. Rd7 b6 18. Bc4 Na5 {[%emt 0:00:31] [#]} 19. Ba6 Rfd8 20. Rc7 {[%emt 0:00:06] White has more active pieces.} Rd6 (20... Bb2 $14 {was preferrable.}) 21. Rfc1 $16 Bd8 22. R7c2 g6 23. g4 Bf6 24. Kg2 Kg7 25. h4 Bd8 26. Kg3 Rb8 27. Nd4 b5 28. Rc8 ({Much worse is} 28. Bxb5 Rxd4 29. exd4 Rxb5 $19) 28... Rbb6 (28... Rxc8 {simplifies} 29. Bxc8 b4 30. Rb1 Nc6) 29. Bxb5 Bf6 30. Be2 Bxd4 31. exd4 Nc6 {[%emt 0:00:01] [#] Black is now going downhill.} (31... Rxd4 $14 32. R1c2 Nb7) 32. d5 $1 $36 {[%emt 0:00:28][%mdl 2560] White is really pushing.} Ne7 (32... Nd4 33. Bc4) 33. R8c7 Nxd5 34. Rxa7 g5 (34... Rb2 $16 35. Bc4 Rd2) 35. hxg5 hxg5 36. Rc5 Rbc6 37. Rxc6 Rxc6 $18 {[%emt 0:00:00][%mdl 4096] Endgame. KRB-KRN} 38. Ra5 Nc3 {[%emt 0:00:03] [#]} 39. Bf3 (39. Rxg5+ Kf8 40. Bd3 Nxa2 $11) 39... Rc4 40. Rxg5+ Kf8 41. Ra5 Rb4 42. Ra3 Rc4 43. Ra7 Rc5 (43... Kg7 $142 44. a3 Kg6) 44. a4 Kg7 45. a5 {[%emt 0:00:06] Hoping for a6.} Nb5 46. Rd7 {[%emt 0:00:10] Black must now prevent a6.} Rc3 47. Kg2 {[%emt 0:00:16] a6 is the strong threat.} Ra3 $2 (47... Nc7 48. Be2 Kf6) 48. Bc6 Nc3 49. Rd3 Kf6 {[%emt 0:00:02] [#]} 50. a6 $1 Ke7 {[%emt 0:00:02] [#]} (50... Rxa6 51. Rxc3) 51. Rxc3 $1 Rxc3 (51... Rxa6 52. Be4) 52. a7 {[%emt 0:00:01] Weighted Error Value: White=0.07 (flawless) /Black=0.39.  Mistake:       	---       	Black=5      Inaccurate:     	White=3     	Black=4      OK:         	White=18    	Black=14     Best:        	White=4     	Black=2      Brilliant:      	White=1     	---} 1-0

[Event "CCT Chessable Masters D-II 2024"]
[Site "Online"]
[Date "2024.02.05"]
[Round "54"]
[White "Yu, Yangyi"]
[Black "Sibelephant"]
[Result "1/2-1/2"]
[ECO "C55"]
[WhiteElo "2720"]
[BlackElo "2779"]
[Annotator "TA"]
[PlyCount "174"]
[EventDate "2024.01.12"]
[EventType "k.o."]
[EventCountry "NET"]
[SourceTitle "playchess.com"]
[Source "ChessBase"]
[SourceQuality "1"]
[TimeControl "600+2"]

1. e4 e5 2. Nf3 Nc6 3. Bc4 Nf6 4. d3 Be7 5. O-O O-O 6. a4 a5 7. h3 d6 8. c3 h6 9. Re1 Nh7 10. d4 Ng5 11. Nbd2 Bf6 12. Nxg5 Bxg5 13. Nf3 Bxc1 14. Rxc1 Qf6 15. Re3 Ne7 16. Nh2 Ng6 17. Ng4 Qe7 18. Rg3 Kh7 19. Ne3 Nf4 20. Qb3 exd4 21. cxd4 Qxe4 22. Nd5 c6 23. Nb6 Rb8 24. Qe3 Qxe3 25. fxe3 Nh5 26. Rf3 d5 27. Bd3+ Kg8 28. Rc5 Nf6 29. Rxa5 Nd7 30. Nxc8 Rfxc8 31. Ra7 Nf6 32. a5 Ra8 33. Rxb7 Rxa5 34. Rf1 Raa8 35. Rc1 Ne4 36. Bxe4 dxe4 37. Rb6 f5 38. Rc5 f4 39. exf4 Rd8 40. Rc4 Ra1+ 41. Kf2 Rd1 42. Ke3 Re1+ 43. Kf2 Rd1 44. Rbxc6 R8xd4 45. Rxd4 Rxd4 46. Rc2 Rb4 47. Ke3 Kf7 48. f5 h5 49. g4 hxg4 50. hxg4 Kf6 51. Rc6+ Kf7 52. Rc2 Kf6 53. Kf4 e3+ 54. Kf3 Rb3 55. Rc6+ Kf7 56. Rc7+ Kf6 57. Rc6+ Kf7 58. g5 e2+ 59. Kxe2 Rxb2+ 60. Kf3 Rb1 61. Rc7+ Kf8 62. Kg4 Rh1 63. Rc8+ Ke7 64. Rc7+ Kf8 65. Ra7 Kg8 66. Ra8+ Kf7 67. g6+ Ke7 68. Rg8 (68. Ra7+ $16 Kf8 69. Rf7+ Kg8 70. Rb7) 68... Rg1+ $11 69. Kf4 (69. Kh3 $5 Kf6 $8 70. Rf8+ Kg5 71. Rf7 $11) 69... Rf1+ 70. Ke4 Kf6 71. Rf8+ Kg5 72. Rf7 Re1+ 73. Kd5 Re2 74. Kd6 Re1 75. Re7 Rf1 76. Rxg7 Rxf5 77. Ke7 Rf6 78. Rg8 Rxg6 79. Ra8 Rg7+ 80. Ke6 Rg6+ 81. Ke5 Kh6 82. Ra1 Rg5+ 83. Kf6 Rg6+ 84. Kf5 Rg5+ 85. Kf6 $1 Rg6+ 86. Kf7 Rg7+ 87. Kf6 $1 Rg6+ 1/2-1/2